 Dungeon Crawl Stone Soup version 0.23.2-33-g5129a83184 (console) character file.

Game seed: 18005006441210034514

356 Kalimero the Shield-Bearer (level 6, -2/56 HPs)
             Began as a Minotaur Fighter on July 24, 2019.
             Killed from afar by Dowan (8 damage)
             ... with a stone arrow
             ... on level 4 of the Dungeon.
             The game lasted 00:38:20 (2776 turns).

Kalimero the Shield-Bearer (Minotaur Fighter)       Turns: 2776, Time: 00:38:20

Health: -2/56      AC: 11    Str: 23    XL:     6   Next: 36%
Magic:  5/5        EV:  4    Int:  5    God:
Gold:   198        SH:  9    Dex:  9    Spells: 5/5 levels left

rFire    . . .     SeeInvis .   l - +1 whip (flame)
rCold    . . .     Gourm    .   c - +0 shield
rNeg     . . .     Faith    .   h - +0 plate armour
rPois    .         Spirit   .   (helmet restricted)
rElec    .         Reflect  .   (no cloak)
rCorr    .         Harm     .   (no gloves)
MR       .....                  (no boots)
Stlth    ..........             (no amulet)
HPRegen  0.18/turn              (no ring)
MPRegen  0.09/turn              (no ring)

@: drained
A: retaliatory headbutt, horns 2
a: no special abilities


You were on level 4 of the Dungeon.
You were very full.

You visited 1 branch of the dungeon, and saw 4 of its levels.

You collected 198 gold pieces.

Inventory:

Hand Weapons
 a - a +0 war axe
 j - a +0 club
 l - a +1 whip of flaming (weapon)
 n - a +0 short sword
 q - a +0 short sword of flaming
 t - a +0 spear
 u - a +0 dagger
 x - a +0 club
 B - a +0 club
 C - a +0 long sword
 D - a cursed -1 short sword
 E - a +0 spear
 I - a +0 short sword
 L - a +0 short sword
 M - a +0 flail
 N - a +0 dagger
 O - a +0 falchion
 Q - a +0 club
Missiles
 K - 36 bolts
Armour
 b - a +0 scale mail
 c - a +0 shield (worn)
 g - a cursed +0 robe
 h - a +0 plate armour (worn)
 s - a +0 chain mail
 v - a +0 chain mail
 H - a +0 ring mail
 P - a +0 chain mail
 R - a +0 ring mail
 S - a +0 leather armour
 T - a cursed +0 ring mail
Jewellery
 r - a cursed ring of teleportation {unknown}
Scrolls
 e - a scroll of noise {unknown}
 m - a scroll of teleportation {unknown}
 p - 2 scrolls of identify {unknown}
 w - 2 scrolls of random uselessness {unknown}
 y - a scroll of enchant armour {unknown}
 A - 2 scrolls of remove curse {unknown}
 F - a scroll of enchant weapon {unknown}
Potions
 d - 2 potions of might
 i - a potion of brilliance {unknown}
 k - 2 potions of mutation {unknown}
 o - 2 potions of agility {unknown}
 z - 2 potions of degeneration {unknown}
 G - 2 potions of heal wounds {unknown}
 J - 2 potions of lignification {unknown}
Comestibles
 f - 6 rations


   Skills:
 + Level 5.3(4.1) Fighting
 + Level 4.5(3.4) Axes
 + Level 5.3(4.1) Armour
 + Level 5.4(4.2) Shields


You had 5 spell levels left.
You didn't know any spells.
Your spell library contained the following spells:

 Spells                   Type           Power        Failure   Level  Hunger
 Corona                   Hex            #......      100%        1    ##.....
 Ensorcelled Hibernation  Hex/Ice        #.....       100%        2    ###....
 Confuse                  Hex            #.......     100%        3    ####...
 Dazzling Spray           Conj/Hex       #.....       100%        3    ####...
 Tukima's Dance           Hex            #.......     100%        3    ####...


Dungeon Overview and Level Annotations

Branches:
Dungeon (4/15)
 Temple: D:4-7

Altars:
Nemelex Xobeh

Annotations:
D:4 Dowan


Innate Abilities, Weirdness & Mutations

You reflexively headbutt those who attack you in melee.
You have a pair of horns on your head.


Message History

You are too injured to fight recklessly!
You are too injured to fight recklessly!
You are too injured to fight recklessly!
You are too injured to fight recklessly!
You are too injured to fight recklessly!
You are too injured to fight recklessly!
Dowan mumbles some strange words.
Dowan blinks!
Dowan gestures wildly while chanting.
Dowan blinks!
Dowan mumbles some strange words.
Dowan blinks!
Dowan casts a spell.
Dowan blinks!
You block Dowan's attack.
Dowan gestures wildly while chanting.
Dowan blinks!
Dowan is no longer moving quickly.
Dowan casts a spell at you. The stone arrow hits you!
You die...

##### ######
#...####....# #
#.#..e..@.# .#
#...####........
..## ##ยง##
#.##.####
...#######.# #.#
# ...e.......#
#.# .).#########
#.# ..## #.. .#
### #


You could see Dowan.

Vanquished Creatures
  The ghost of Giliarius the Slasher, an amateur HuBe of Trog (D:3)
  Duvessa (D:4)
  5 adders
  An ooze (D:3)
  3 worms
  A dart slug (D:1)
  7 orcs (D:3)
  7 bats
  3 giant cockroaches
  6 goblins
  7 hobgoblins
  A ball python (D:1)
  5 frilled lizards
  7 kobolds
  A quokka skeleton (D:3)
  2 rats (D:2)
58 creatures vanquished.

Notes
Turn   | Place    | Note
-------+----------+-------------------------------------------
     0 | D:1      | Kalimero the Minotaur Fighter began the quest for the Orb.
     0 | D:1      | Reached XP level 1. HP: 19/19 MP: 0/0
   300 | D:1      | Reached XP level 2. HP: 26/27 MP: 1/1
   661 | D:1      | Found a sparkling altar of Nemelex Xobeh.
   765 | D:2      | Reached XP level 3. HP: 32/33 MP: 2/2
  1800 | D:3      | Reached XP level 4. HP: 38/40 MP: 3/3
  1824 | D:3      | Found a large runed translucent door.
  1826 | D:3      | Found a large runed translucent door.
  1826 | D:3      | Noticed Giliarius's ghost (amateur HuBe)
  2710 | D:3      | Killed Giliarius's ghost
  2710 | D:3      | Reached skill level 5 in Fighting
  2710 | D:3      | Reached skill level 5 in Armour
  2710 | D:3      | Reached skill level 5 in Shields
  2710 | D:3      | Reached XP level 5. HP: 47/48 MP: 4/4
  2738 | D:4      | Noticed Duvessa
  2738 | D:4      | Noticed Dowan
  2752 | D:4      | Killed Duvessa
  2752 | D:4      | Reached XP level 6. HP: 47/56 MP: 5/5
  2776 | D:4      | Killed from afar by Dowan

Skill      XL: |  1  2  3  4 |
---------------+-------------+-----
Fighting       | 4 5 |  5.3
Armour         | 4 5 |  5.3
Shields        | 4 5 |  5.4
Axes           | 3 4 |  4.5

Action                   |  1- 3 |  4- 6 || total
-------------------------+-------+-------++-------
Melee: War axe           |    25 |       ||    25
       Headbutt          |    10 |    15 ||    25
       Whip              |    67 |    88 ||   155
  Eat: Chunk             |     1 |     1 ||     2
       Ration            |     1 |     2 ||     3
Armor: Plate armour      |    51 |    68 ||   119
Dodge: Dodged            |    13 |    16 ||    29
Block: Shield            |    49 |    68 ||   117
